 Dungeon Sprint DCSS version 0.24.0-1-gfbc8707 (webtiles) character file.

Game seed: 1395319222827641118, levelgen mode: deterministic

434 Fang the Fighter (level 7, -15/50 HPs)
             Began as a Gargoyle Berserker on Nov 4, 2019.
             Was a Believer of Trog.
             Demolished by Menkaure (22 damage)
             ... in the Dungeon (Sprint II: "The Violet Keep of Menkaure").
             The game lasted 00:00:54 (455 turns).

Fang the Fighter (Gargoyle Berserker)                Turns: 455, Time: 00:00:54

Health: -15/50     AC:  7    Str: 23    XL:     7   Next: 0%
Magic:  7/7        EV: 14    Int:  7    God:    Trog [**....]
Gold:   243        SH:  0    Dex:  9    Spells: 6/6 levels left

rFire    . . .     SeeInvis .   a - +0 hand axe
rCold    . . .     Gourm    .   (no shield)
rNeg     + . .     Faith    .   b - +0 animal skin
rPois    ∞         Spirit   .   (no helmet)
rElec    +         Reflect  .   (no cloak)
rCorr    .         Harm     .   (no gloves)
MR       ++...     NoTele   +   (no boots)
Stlth    +.........             (no amulet)
HPRegen  1.16/turn              (no ring)
MPRegen  0.10/turn              (no ring)

@: berserk cooldown, regenerating, slowed, very slow
A: negative energy resistance 1, electricity resistance, unbreathing,
petrification resistance, rot immunity, AC +4
a: Berserk, Trog's Hand, Renounce Religion


You were in the Dungeon.
You worshipped Trog.
Trog was pleased with you.
You were near starving.

You visited 1 branch You collected 243 gold pieces.

Inventory:

Hand Weapons
 a - a +0 hand axe (weapon)
Armour
 b - a +0 animal skin (worn)
Scrolls
 i - a scroll of blinking
Potions
 d - a potion of curing
 e - a potion of heal wounds
 f - a potion of haste
 g - 2 potions of magic
 h - a potion of berserk rage
Comestibles
 c - a ration


   Skills:
 + Level 8.6 Fighting
 + Level 7.1 Axes
 + Level 8.2 Armour
 + Level 6.2 Dodging


You had 6 spell levels left.
You didn't know any spells.
Your spell library was empty.

Dungeon Overview and Level Annotations

Branches:
Dungeon (1/1)

Altars:

Shops:
D :=(**!%([=![[?}:

Annotations:
D exclusion: oklob plant, Menkaure


Innate Abilities, Weirdness & Mutations

You are resistant to torment.
Your stone body is resilient. (AC +4)
You are immune to poison.
You resist negative energy. (rN+)
You are resistant to electric shocks. (rElec)
You can survive without breathing.
You are immune to petrification.
You are immune to rotting.


Message History

Menkaure is nearby!
Menkaure shouts!
You close the door.
Menkaure opens the door.
Your skin crawls.
You feel resistant to hostile enchantments.
You feel somewhat more hungry.
You feel the effects of Trog's Hand fading.
Menkaure hits you.
* * * LOW HITPOINT WARNING * * *
There is a staircase leading out of the dungeon here.
You closely miss Menkaure. Menkaure barely misses you.
You are near starving!
You hit Menkaure.
Menkaure is moderately damaged.
Menkaure hits you.
* * * LOW HITPOINT WARNING * * *
You slash Menkaure!
Menkaure is heavily damaged.
Menkaure hits you!!
You die...

##########≈≈#+++#
#########≈≈≈....
....∩.∩.#≈≈≈≈.#
...∩.∩..#≈≈≈≈#
..∩.∩...#≈≈≈≈#
.⌠.∩....#≈≈### ##
..∩.∩...#≈##.# #+#
#.#
...∩.∩..#≈###.##.##$#
....∩.∩.'≈'.##'.@M'#
.....∩.∩#≈#...##.##.#
▓▓▓▓▓▓###≈##.###+#
#.# ?Jh######≈≈### ##
[hh#$ ##≈≈≈ ∩PJ+)
+#≈# [.$ ? ≈≈# ?.. ≈≈
#+ ++


You could see Menkaure.

Vanquished Creatures
  2 hippogriffs (D)
  A crocodile (D)
  3 worms (D)
6 creatures vanquished.

Vanquished Creatures (others)
  A crocodile (D)
1 creature vanquished.

Grand Total: 7 creatures vanquished

Notes
Turn   | Place    | Note
-------+----------+-------------------------------------------
     0 | D        | Fang the Gargoyle Berserker began the quest for the Orb.
     0 | D        | Reached XP level 1. HP: 14/14 MP: 1/1
     1 | D        | Noticed a hippogriff
     1 | D        | Noticed a hippogriff
    10 | D        | Killed a crocodile
    12 | D        | Reached XP level 2. HP: 20/20 MP: 2/2
    16 | D        | Reached ** piety under Trog
   135 | D        | Found Veni's Book Shop.
   135 | D        | Found Taodgh's Antique Armour Boutique.
   135 | D        | Found Gopt's Armour Shop.
   135 | D        | Found Jupouniy's Antique Armour Boutique.
   135 | D        | Found Axtemec's Antique Weapon Shop.
   135 | D        | Found Vaxetzogg's Distillery.
   135 | D        | Found Gisal's Food Boutique.
   136 | D        | Found Ceonna's Distillery.
   136 | D        | Found Iqoel's Assorted Antiques.
   136 | D        | Found Costiq Luj's General Store.
   136 | D        | Found Quriceih's Magic Scroll Shop.
   137 | D        | Found Dyume's Antique Weapon Shop.
   137 | D        | Found Pouff's Jewellery Boutique.
   137 | D        | Noticed a black bear
   138 | D        | Found Ediniuv's Gadget Boutique.
   138 | D        | Found Xeqag's Jewellery Shop.
   138 | D        | Noticed a black bear
   139 | D        | Noticed a crocodile
   139 | D        | Noticed a black bear
   139 | D        | Noticed an oklob plant
   139 | D        | Noticed a slime creature
   148 | D        | Killed a crocodile
   148 | D        | Reached skill level 5 in Fighting
   148 | D        | Reached XP level 3. HP: 4/26 MP: 3/3
   148 | D        | Reached XP level 4. HP: 5/31 MP: 4/4
   338 | D        | Noticed a slime creature
   339 | D        | Found Covovvuc's Book Shoppe.
   339 | D        | Noticed a slime creature
   433 | D        | Killed a hippogriff
   433 | D        | Reached skill level 5 in Dodging
   433 | D        | Reached XP level 5. HP: 7/38 MP: 5/5
   433 | D        | Reached XP level 6. HP: 8/44 MP: 6/6
   434 | D        | HP: 2/66 [hippogriff (2)]
   435 | D        | Killed a hippogriff
   435 | D        | Reached XP level 7. HP: 2/50 MP: 7/7
   448 | D        | Noticed Menkaure
   455 | D        | Demolished by Menkaure

Levels and vault maps discovered:
D:        the_violet_keep_of_menkaure [sprint2_stairs_cluster_1,
          sprint2_shoproom, sprint2_temple, sprint2_basic_supplies,
          sprint2_obstacle_6, sprint2_obstacle_5, sprint2_obstacle_1,
          sprint2_obstacle_2, sprint2_obstacle_4, sprint2_timed_cluster_1,
          sprint2_smallroom_cluster_1, sprint2_smallroom_final_cluster_1,
          sprint2_transparent_cluster_1, sprint2_second_timed_cluster_1,
          sprint2_sniper_area_1, sprint2_heavy_combat_area_1,
          sprint2_mutation_trap_area_1, sprint2_forest_area_1,
          sprint2_light_combat_area_1, sprint2_behind_water_1,
          sprint2_near_end_vault_1]

Skill      XL: |  1  2  3  4  5  6 |
---------------+-------------------+-----
Axes           | 3 4 6 7 |  7.1
Dodging        | 2 3 5 6 |  6.2
Armour         | 3 4 7 8 |  8.2
Fighting       | 5 7 8 |  8.6

Action                   |  1- 3 |  4- 6 |  7- 9 || total
-------------------------+-------+-------+-------++-------
Melee: Hand axe          |    14 |     9 |     3 ||    26
Invok: Berserk           |     2 |     1 |       ||     3
       Trog's Hand       |       |       |     1 ||     1
Armor: Animal skin       |       |     9 |       ||     9
Dodge: Dodged            |     8 |    13 |     1 ||    22
